 Dungeon Crawl Stone Soup version 0.30-a0-1075-gcd70e7a56d (webtiles) character file.

Game seed: 14454087802488310752

48 ryw the Trooper (level 3, 0/29 HPs)
             Began as a Mummy Fighter on Apr 15, 2023.
             Slain by a goblin
             ... wielding a +0 club
             ... led by Robin
              (5 damage)
             ... on level 2 of the Dungeon.
             The game lasted 00:01:57 (865 turns).

ryw the Trooper (Mummy Fighter)                      Turns: 865, Time: 00:01:58

Health: 0/29       AC:  6    Str: 21    XL:     3   Next: 50%
Magic:  3/3        EV:  9    Int:  7    God:
Gold:   79         SH:  4    Dex: 11    Spells: 2/2 levels left

rFire   x . .      SeeInvis .    a - +0 flail
rCold   + . .      Faith    +    c - +0 buckler
rNeg    + + +      Spirit   .    b - +0 scale mail
rPois   ∞          Reflect  .    (no helmet)
rElec   .          Rampage  .    (no cloak)
rCorr   .                        (no gloves)
Will    .....                    (no boots) Stlth
                                 (no amulet)
HPRegen 0.24/turn                (no ring)
MPRegen 0.08/turn                (no ring)

@: no status effects
A: cold resistance 1, negative energy resistance 3, torment resistance 2, heat
vulnerability 1, in touch with death 1, no potions, faith
a: no special abilities


You were on level 2 of the Dungeon.
You visited 1 branch of the dungeon, and saw 2 of its levels.

You collected 79 gold pieces.

Inventory:

Hand Weapons
 a - a +0 flail (weapon)
Missiles
 d - 3 poisoned darts (quivered)
 e - 5 javelins
Armour
 b - a +0 scale mail (worn)
 c - a +0 buckler (worn)
Scrolls
 g - a scroll of noise


   Skills:
 + Level 3.4 Fighting
 * Level 2.2 Maces & Flails
 + Level 2.8 Armour
 + Level 2.7 Shields


You had 2 spell levels left.
You didn't know any spells.
Your spell library was empty.

Dungeon Overview and Level Annotations

Branches:
Dungeon (2/15)

Altars:
Ru

Annotations:
D:2 Robin


Innate Abilities, Weirdness & Mutations

You are immune to poison.
Your flesh is cold resistant. (rC+)
You are immune to negative energy. (rN+++)
You are immune to unholy pain and torment.
You are vulnerable to heat. (rF-)
You are in touch with the powers of death.
You do not drink.
You have a special connection with the divine. (Faith)


Message History

Your butterfly disappears in a burst of colours!
Something closely misses your butterfly.
The goblin closely misses something.
Your butterfly disappears in a burst of colours!
There is an open door here.
A goblin is nearby!
The goblin enters a dispersal trap!
The hobgoblin blinks! x2
The goblin blinks!
You blink.
You can't drink.
As you read the scroll labelled MEFRIM OCOBLEE, it crumbles to dust.
You hear a loud clanging noise!
It was a scroll of noise.
You hear a shout! x2; You hear an angry hiss.
You hear a shout!
You barely miss the goblin. The goblin hits you but does no damage.
You barely miss the goblin. The goblin closely misses you.
The goblin barely misses you. The hobgoblin attacks as you move away!
The hobgoblin hits you.
Robin says, "My army is invincible!"
The goblin hits you but does no damage. You block the goblin's attack.
The hobgoblin attacks as you move away! You block the hobgoblin's attack.
Robin roars a battlecry!
The goblins go into a battle-frenzy!
The goblin hits you but does no damage. The goblin attacks as you move away!
The goblin hits you with a +0 club.
* * * LOW HITPOINT WARNING * * *
Robin throws the goblin at you! You block the goblin's attack.
You barely miss the goblin. Robin throws the goblin at you!
The goblin barely misses you. The goblin hits you but does no damage.
You block the goblin's attack.
Robin roars a battlecry!
The hobgoblin goes into a battle-frenzy!
The goblin barely misses you.
You hit the goblin.
The goblin is moderately wounded.
The goblin hits you with a +0 club.
* * * LOW HITPOINT WARNING * * *
The hobgoblin barely misses you. The goblin hits you with a +0 dagger.
* * * LOW HITPOINT WARNING * * *
The goblin hits you with a +0 club.
You die...

#######...## .... ....#
#....###.........# ....#
#.#............... ....#
#.#.#.##.........#
..[.###.#g#g...........#
........g..............#
........#'###..........#
.†......÷......ggg.....#
....##........gg@g.....#
#'#####........#######..
#.# #........# #.#
#........# #.#
#........# #.#
#........# #.#
#........# #.#
###+###### #.#


You could see Robin, a hobgoblin (strong) and 5 goblins.

Vanquished Creatures
  2 adders (D:2)
  5 endoplasms (D:1)
  A giant cockroach (D:2)
  3 hobgoblins
  3 quokkas (D:1)
  3 bats
  2 frilled lizards
  2 goblins
  3 kobolds
  5 rats
29 creatures vanquished.

Notes
Turn   | Place    | Note
-------+----------+-------------------------------------------
     0 | D:1      | ryw the Mummy Fighter began the quest for the Orb.
     0 | D:1      | Reached XP level 1. HP: 18/18 MP: 1/1
   181 | D:1      | Reached XP level 2. HP: 24/24 MP: 2/2
   610 | D:2      | Gained mutation: You are in touch with the powers of death.
                  | [Mummy growth]
   610 | D:2      | Reached XP level 3. HP: 29/29 MP: 3/3
   674 | D:2      | Found a sacrificial altar of Ru.
   807 | D:2      | Noticed Robin
   865 | D:2      | Slain by a goblin

Illustrated notes

Levels and vault maps discovered:
D:1:      scummos_arrival_gate, layout_basic, minmay_pentomino_t2
D:2:      minmay_spotlight, layout_basic, basic_altar, serial_shops,
          nicolae_shop_crystal, uniq_robin

Skill      XL: |  1  2 |
---------------+-------+-----
Maces & Flails | 2 |  2.2
Fighting       | |  3.4
Armour         | |  2.8
Shields        | |  2.7

Action                     || total
---------------------------++-------
  Melee: Flail             ||   100
    Use: Scroll            ||     2
 Armour: Scale mail        ||    74
  Dodge: Dodged            ||    77
  Block: Buckler           ||    31

Table legend: (Time is in decaauts)
 A = Elapsed time spent in this place.
 B = Non-inter-level travel time spent in this place.
 C = Inter-level travel time spent in this place.
 D = Time resting spent in this place.
 E = Time spent auto-exploring this place.
 F = Levels seen in this place.
 G = Mean time per level.
                   A        B        C        D        E       F      G
               +--------+--------+--------+--------+--------+-----+--------+
         Total |    899 |    874 |     25 |      0 |    584 |   2 |  449.5 |
       Dungeon |    899 |    874 |     25 |      0 |    584 |   2 |  449.5 |
               +--------+--------+--------+--------+--------+-----+--------+

Top non-repeatable levels by time:
     D:1: 595 daAuts
     D:2: 304 daAuts
